 Dungeon Crawl Stone Soup version 0.23-a0-32-g1388f29 (webtiles) character file.

177 Gorglomux the Conjurer (level 5, -1/39 HPs)
             Began as a Demonspawn Conjurer on Aug 4, 2018.
             Was a Follower of Qazlal.
             Slain by an orc priest
             ... wielding a +0 trident
              (5 damage)
             ... on level 3 of the Dungeon.
             The game lasted 00:04:53 (3235 turns).

Gorglomux the Conjurer (Demonspawn Conjurer)        Turns: 3235, Time: 00:04:54

Health: -1/39      AC:  2    Str:  9    XL:     5   Next: 31%
Magic:  1/8        EV: 19    Int: 17    God:    Qazlal [*.....]
Gold:   175        SH:  5    Dex: 18    Spells: 5/8 levels left

rFire    + . .     SeeInvis .   d - +0 dagger
rCold    . . .     Gourm    .   (no shield)
rNeg     . . .     Faith    .   a - +0 robe
rPois    .         Spirit   .   (no helmet)
rElec    .         Reflect  .   (no cloak)
rCorr    .         Harm     .   (no gloves)
MR       .....                  (no boots)
Stlth    ++++......             (no amulet)
HPRegen  0.13/turn              (no ring)
MPRegen  0.11/turn              (no ring)

@: agile, hasted, very quick
A: talons 1, large bone plates 1, camouflage 1, fire resistance 1, powered by
pain 1
a: Renounce Religion


You were on level 3 of the Dungeon.
You worshipped Qazlal.
Qazlal was aware of your devotion.
You were not hungry.

You visited 1 branch of the dungeon, and saw 3 of its levels.

You collected 175 gold pieces.

Inventory:

Hand Weapons
 d - a +0 dagger (weapon)
Armour
 a - a +0 robe (worn)
 p - a +0 buckler
Jewellery
 o - an uncursed ring of resist corrosion {unknown}
Scrolls
 e - 11 scrolls of identify {unknown}
 f - a scroll of teleportation {unknown}
 i - a scroll of fog {unknown}
 j - 2 scrolls of remove curse {unknown}
 k - a scroll of enchant weapon {unknown}
 m - a scroll of enchant armour {unknown}
 u - a scroll of fear {unknown}
Potions
 g - a potion of mutation {!q}
 q - a potion of agility
 s - a potion of heal wounds {unknown}
Comestibles
 c - 9 rations
 t - 4 chunks of flesh


   Skills:
 + Level 2.7 Fighting
 + Level 2.4 Armour
 + Level 3.2 Dodging
 - Level 1.7 Stealth
 - Level 2.0 Spellcasting
 - Level 4.0 Conjurations


You had 5 spell levels left.
You knew the following spells:

 Your Spells              Type           Power        Failure   Level  Hunger
a - Magic Dart            Conj           ###.         3%          1    #......
b - Searing Ray           Conj           ###...       5%          2    ###....

Your spell library contained the following spells:

 Spells                   Type           Power        Failure   Level  Hunger
 Iskenderun's Mystic Bla  Conj           ###.....     36%         4    #####..
 Fulminant Prism          Conj/Hex       #.........   63%         4    #####..
 Dazzling Spray           Conj/Hex       #.....       26%         3    ###....
 Force Lance              Conj/Tloc      #.......     63%         4    #####..


Dungeon Overview and Level Annotations

Branches:
Dungeon (3/15)

Altars:
Cheibriados
Hepliaklqana
Nemelex Xobeh
Okawaru
Qazlal


Innate Abilities, Weirdness & Mutations

You are partially covered in large bone plates. (SH +4)
You sometimes gain a little power by taking damage.
You have sharp toenails.
Your skin changes colour to match your surroundings (Stealth+).
Your flesh is heat resistant. (rF+)


Message History

Okay, then!
Okay, then!
The orc priest hits you with a trident! * * * don't die
* * * You stick the butt priest but do no damage!
The orc priest is almost butt!
The orc priest invokes the aid of Beogh against you!
Pain shoots through your body!!! * * * don't die
* * * It was a potion of mutation!
You feel extremely strange!
Your toenails lengthen and sharpen!
Your skin functions as natural camouflage!
You feel resistant to heat! The orc butt barely misses you!
It was a potion of agility!
You feel agile all of a butt!
The orc priest casts a cantrip, but nothing butts!
It was a potion of haste!
You feel yourself speed up!
The orc priest hits you with a trident! rip

#....##
###.....##
#........#
#......<.#
#........#
###.....##
#....## ##.###
######### ....
#...oo@.# #####
##.## #######.#
#)..# #...# #.#
#.#.# #...#
#.######.#.####
+...+
#...#....#....#
#...#
#.#...#######.#
#...#
#.###.........#
##.#### ###
####.....##
#...#.##
#.......#


You could see an orc priest and an orc.

Vanquished Creatures
  4 gnolls (D:3)
  5 adders
  An ooze (D:3)
  2 worms (D:2)
  A dart slug (D:1)
  A leopard gecko (D:1)
  2 orcs (D:3)
  8 bats
  4 giant cockroaches
  10 goblins
  5 hobgoblins
  8 jackals
  9 kobolds
  2 quokkas (D:2)
  A ball python (D:3)
  6 frilled lizards
  8 rats
77 creatures vanquished.

Notes
Turn   | Place    | Note
-------+----------+-------------------------------------------
     0 | D:1      | Gorglomux the Demonspawn Conjurer began the quest for the Orb.
     0 | D:1      | Reached XP level 1. HP: 13/13 MP: 3/3
   190 | D:1      | Gained mutation: You are partially covered in large bone plates. (SH +4) [demonic ancestry]
   190 | D:1      | Reached XP level 2. HP: 18/20 MP: 0/5
   260 | D:1      | Learned a level 2 spell: Searing Ray
   289 | D:1      | Reached skill level 1 in Fighting
   395 | D:1      | Reached skill level 1 in Armour
   853 | D:1      | Reached XP level 3. HP: 26/26 MP: 3/6
  1135 | D:2      | Found a sparkling altar of Nemelex Xobeh.
  1136 | D:2      | Found a stormy altar of Qazlal.
  1154 | D:2      | Found a snail-covered altar of Cheibriados.
  1419 | D:2      | Found an iron altar of Okawaru.
  1420 | D:2      | Found a hazy altar of Hepliaklqana.
  1534 | D:2      | Became a worshipper of Qazlal Stormbringer
  1608 | D:2      | Reached XP level 4. HP: 33/33 MP: 3/7
  2613 | D:3      | Reached skill level 3 in Dodging
  2791 | D:3      | Gained mutation: You sometimes gain a little power by taking damage. [demonic ancestry]
  2791 | D:3      | Reached XP level 5. HP: 36/39 MP: 2/8
  3116 | D:3      | Reached * piety under Qazlal
  3233 | D:3      | Gained mutation: You have sharp toenails. [potion of mutation]
  3233 | D:3      | Gained mutation: Your skin changes colour to match your surroundings (Stealth+). [potion of mutation]
  3233 | D:3      | Gained mutation: Your flesh is heat resistant. (rF+) [potion of mutation]
  3235 | D:3      | Slain by an orc priest

Vault maps used:
D:1:      dpeg_arrival_lava_temple_mockup
D:2:      grunt_temple_overflow_open, first_ration
D:3:      grunt_temple_overflow_holy_war, minmay_misc_feat_plants

Skill      XL: |  1  2  3  4 |
---------------+-------------+-----
Dodging        | 2 3 |  3.2
Fighting       | 1 2 |  2.7
Armour         | 1 2 |  2.4
Stealth        | |  1.7
Spellcasting   | |  2.0
Conjurations   | |  4.0

Action                   |  1- 3 |  4- 6 || total
-------------------------+-------+-------++-------
Melee: Dagger            |    89 |    32 ||   121
 Cast: Magic Dart        |    51 |    44 ||    95
       Searing Ray       |     6 |     9 ||    15
  Use: Potion            |       |     3 ||     3
  Eat: Chunk             |     3 |     7 ||    10
Armor: Robe              |    25 |     2 ||    27
Dodge: Dodged            |    79 |    28 ||   107
Block: Other             |    10 |     9 ||    19

Table legend:
 A = Spawn XP
 B = Non-spawn XP
 C = Spawn XP percentage of total XP
 D = Spawn monster count
 E = Non-spawn monster count
 F = Spawn count percentage of total count
 G = Total turns spent on level
                    A         B        C        D         E        F      G
               +---------+---------+-------+---------+---------+-------+---------
         Total |       0 |     254 |   0.0 |       0 |      77 |   0.0 |  3235
               +---------+---------+-------+---------+---------+-------+---------
           D:1 |       0 |      59 |   0.0 |       0 |      33 |   0.0 |  1378
           D:2 |       0 |      82 |   0.0 |       0 |      19 |   0.0 |  1024
           D:3 |       0 |     113 |   0.0 |       0 |      25 |   0.0 |   833
               +---------+---------+-------+---------+---------+-------+---------
